 Dungeon Crawl Stone Soup version 0.20.1-1-g8b1a95d (webtiles) character file.

16 slep the Skirmisher (level 2, -3/24 HPs)
             Began as a Demonspawn Abyssal Knight on Oct 30, 2017.
             Was an Initiate of Lugonu.
             Slain by an adder (5 damage)
             ... on level 1 of the Dungeon.
             The game lasted 00:03:57 (586 turns).

slep the Skirmisher (Demonspawn Abyssal Knight)      Turns: 586, Time: 00:03:58

Health: -3/24      AC:  3    Str:  8      XL:     2   Next: 41%
Magic:  3/3        EV: 11    Int: 13      God:    Lugonu [......]
Gold:   62         SH:  0    Dex: 10 (12) Spells: 1/1 levels left

rFire    . . .     SeeInvis .   a - +1 falchion
rCold    . . .     Gourm    .   (no shield)
rNeg     . . .     Faith    .   b - +0 leather armour
rPois    .         Spirit   .   (helmet restricted)
rElec    .         Reflect  .   (no cloak)
rCorr    .         Harm     .   (no gloves)
MR       .....                  (no boots)
Stlth    +.........             (no amulet)
Regen    0.1/turn               (no ring)
MPRegen  0.1/turn               (no ring)

@: no status effects
A: horns 1, [weak 2]
a: Renounce Religion


You were on level 1 of the Dungeon.
You worshipped Lugonu.
Lugonu was noncommittal.
You were not hungry.

You visited 1 branch of the dungeon, and saw 1 of its levels.
You visited the Abyss 1 time.

You collected 62 gold pieces.

Inventory:

Hand Weapons
 a - a +1 falchion (weapon)
Armour
 b - a +0 leather armour (worn)
Jewellery
 m - an uncursed ring of protection from fire {unknown}
Scrolls
 d - a scroll of immolation {unknown}
 g - a scroll of fog {unknown}
 i - a scroll of remove curse {unknown}
 j - a scroll of random uselessness {unknown}
 k - 2 scrolls of teleportation {unknown}
Potions
 e - a potion of curing {unknown}
Comestibles
 c - a bread ration
 f - 3 fruits
 h - a royal jelly
 l - 6 chunks of flesh


   Skills:
 + Level 3.4 Fighting
 + Level 2.0 Long Blades
 + Level 2.0 Armour
 + Level 0.8 Dodging
 + Level 2.5 Invocations


You had one spell level left.
You didn't know any spells.

Dungeon Overview and Level Annotations

Branches:
Dungeon (1/15)

Altars:


Innate Abilities, Weirdness & Mutations

You have a pair of small horns on your head.
[You are very weak. (Str -4)]


Message History

You closely miss the goblin.
The hobgoblin shouts!
The goblin hits you with a dagger.
* * * LOW HITPOINT WARNING * * *
You barely miss the goblin. The goblin hits you with a dagger.
* * * LOW HITPOINT WARNING * * *
An adder comes into view.
The adder hisses angrily.
You hit the goblin.
You kill the goblin!
Lugonu accepts your kill.
You barely miss the adder. The adder closely misses you.
You barely miss the adder. The adder closely misses you.
You riposte.
You miss the adder. The adder barely misses you.
You hit the adder but do no damage. The adder misses you.
You riposte.
You closely miss the adder. Your headbutt misses the adder.
You closely miss the adder. Your headbutt misses the adder.
The adder barely misses you. The adder bites you but does no damage.
You hit the adder but do no damage. The adder bites you.
You die...

#.#...# ..#.###.#.### .
##.#...##..#..........
..####..............#.#.###
............?............#
.....#g..........#...### #
###..#.S###≈###..##..# #
#.#.####.....#.#≈#.#......# #
##..........###.#≈#.###.#.## #
..........gS@..#≈#.....#..# #
#...####.#.###.#≈#.###..#.###
#...####.)...#.#≈#.#.........
.##............###≈###.........
........##.............#####.#.
..##..#.##.......[.....# #.#.
###.##..#.##.........##.### #.#.
#.#.##..#.##.##.###.......####.#.
#.#.##...........................


You could see an adder and a hobgoblin.

Vanquished Creatures
  A dart slug (D:1)
  A leopard gecko (D:1)
  2 goblins (D:1)
  3 hobgoblins (D:1)
  2 kobolds (D:1)
  3 bats (D:1)
12 creatures vanquished.

Notes
Turn   | Place    | Note
-------+----------+-------------------------------------------
     0 | Abyss:1  | slep the Demonspawn Abyssal Knight began the quest for the Orb.
     0 | Abyss:1  | Reached XP level 1. HP: 18/18 MP: 2/2
    59 | Abyss:1  | Noticed a wretched star
    65 | Abyss:2  | Found a shattered altar of Ashenzari.
    72 | Abyss:2  | Found a corrupted altar of Lugonu.
   104 | Abyss:2  | Noticed a quasit
   124 | D:1      | Escaped the Abyss
   171 | D:1      | Reached * piety under Lugonu
   265 | D:1      | Gained mutation: You have a pair of small horns on your head. [demonic ancestry]
   265 | D:1      | Reached XP level 2. HP: 23/24 MP: 3/3
   573 | D:1      | HP: 1/24 [goblin/dagger (1)]
   586 | D:1      | Slain by an adder

Skill      XL: |  1  2 |
---------------+-------+-----
Armour         | 2 |  2.0
Long Blades    | 2 |  2.0
Fighting       | |  3.4
Dodging        | |  0.8
Invocations    | |  2.5

Action                   || total
-------------------------++-------
Melee: Falchion          ||    55
       Headbutt          ||     2
Invok: Depart the Abyss  ||     1
Armor: Leather armour    ||    15
Dodge: Dodged            ||    38
       Rpst.: Falchion   ||     9
